 Dungeon Crawl Stone Soup version 0.31-a0-237-g2d982f9f85 (webtiles) character file.

Game seed: 11765769920746536705

14578 qw the Marksminotaur (level 11, -7/99 HPs)
             Began as a Minotaur Hexslinger on July 11, 2023.
             Was an Elder of Okawaru.
             Mangled by an elephant (11 damage)
             ... on level 1 of the Lair of Beasts.
             The game lasted 00:04:51 (8485 turns).

qw the Marksminotaur (Minotaur Hexslinger)          Turns: 8485, Time: 00:04:52

Health: -7/99      AC: 15    Str: 12    XL:     11   Next: 90%
Magic:  13/14      EV: 17    Int: 10    God:    Okawaru [****..]
Gold:   271        SH:  0    Dex: 18    Spells: 11/12 levels left

rFire   . . .        i - +0 orcbow
rCold   . . .        (shield currently unavailable)
rNeg    . . .        o - +0 swamp dragon scales
rPois   +            (helmet restricted)
rElec   .            g - +0 cloak
rCorr   .            h - +2 pair of gloves {Stlth+}
SInv    .            (no boots)
Will    .....        m - amulet of regeneration
Stlth   +++          (no ring)
HPRegen 1.16/turn    (no ring)
MPRegen 0.14/turn

%: no passive effects
@: heroic
A: horns 2, retaliatory headbutt, wild magic 1
a: Renounce Religion, Heroism, Finesse


You were on level 1 of the Lair of Beasts.
You worshipped Okawaru.
Okawaru was greatly pleased with you.
You visited 3 branches of the dungeon, and saw 11 of its levels.

You collected 464 gold pieces.
You spent 193 gold pieces at shops.


Innate Abilities, Weirdness & Mutations

You have a pair of horns on your head.
You reflexively headbutt those who attack you in melee.
Your spells are a little harder to cast, but a little more powerful.


   Skills:
 - Level 10.0(15.0) Fighting
 - Level 16.1(21.1) Ranged Weapons
 + Level 6.5(11.5) Armour
 - Level 6.1(11.1) Dodging
 - Level 1.0 Spellcasting
 - Level 2.0 Hexes
 + Level 5.4 Invocations


You had 11 spell levels left.
You knew the following spells:

 Your Spells              Type           Power      Damage    Failure   Level
a - Slow                  Hex            20%        N/A       36%         1

Your spell library contained the following spells:

 Spells                   Type           Power      Damage    Failure   Level
 Inner Flame              Hex/Fire       3%         N/A       83%         3
 Portal Projectile        Hex/Tloc       6%         N/A       83%         3
 Cause Fear               Hex            2%         N/A       97%         4

Inventory:

Hand Weapons
 i - a +0 orcbow (weapon)
Armour
 a - a +0 troll leather armour
 g - a +0 cloak (worn)
 h - a +2 pair of gloves of stealth (worn)
 o - +0 swamp dragon scales (worn)
Jewellery
 m - an amulet of regeneration (around neck)
 p - a ring of protection from fire
Wands
 j - a wand of digging (4)
Scrolls
 c - 7 scrolls of identify
 n - a scroll of torment {unknown}
Potions
 b - 3 potions of might
 e - 3 potions of curing
 f - a potion of magic
 k - a potion of mutation
 l - a potion of enlightenment

Dungeon Overview and Level Annotations

Branches:
Dungeon (9/15)             Temple (1/1) D:5            Lair (1/5) D:9
    Orc: D:9-12

Altars:
Ashenzari
Cheibriados
Dithmenos
Elyvilon
Fedhas
Gozag
Hepliaklqana
Kikubaaqudgha
Makhleb
Nemelex Xobeh
Okawaru
Qazlal
Ru
Sif Muna
Trog
Uskayaw
Vehumet
Wu Jian
Xom
Yredelemnul
Zin
The Shining One

Shops:
D:5 ![[   D:6 *   D:8 :   D:9 *

Annotations:
D:3 3 runed translucent doors, qw's ghost, amateur GrHs; qw's ghost, amateur MiHs
D:6 4 runed translucent doors, Crazy Yiuf; qw's ghost, novice MiHs
D:9 3 runed translucent doors, qw's ghost, novice GrHs
Lair:1 Grum


Message History

You shoot an arrow. The elephant trumpets!
The arrow hits Grum!
Grum is moderately wounded.
You shoot an arrow. The arrow hits Grum but does no damage.
Grum is moderately wounded.
Grum hits you but does no damage.
You shoot an arrow. The arrow hits Grum!
Grum is severely wounded.
Grum closely misses you.
You shoot an arrow. The arrow hits Grum but does no damage.
Grum is severely wounded.
Grum misses you.
You shoot an arrow. The arrow hits Grum but does no damage.
Grum is severely wounded.
Grum hits you from afar with a +0 glaive!
You shoot an arrow. The arrow hits Grum but does no damage.
Grum is severely wounded.
You shoot an arrow. The arrow hits Grum!
Grum is almost dead.
Grum hits you from afar with a +0 glaive!
You shoot an arrow.
The arrow hits the elephant but does no damage.
The elephant is heavily wounded.
Grum misses you.
The elephant tramples you but does no damage.
The elephant misses you.
You shoot an arrow. The arrow hits the elephant!
The elephant is severely wounded.
Grum hits you from afar with a +0 glaive.
You shoot an arrow.
The arrow hits the elephant but does no damage.
The elephant is severely wounded.
The elephant completely misses you. You furiously retaliate!
You headbutt the elephant. The elephant barely misses you.
Grum hits you from afar with a +0 glaive.
You shoot an arrow. The arrow hits the elephant!
The elephant is almost dead.
The elephant tramples you!
You die...

.....# ......
............... ....##
.._......................#
....# #.................
......
....##..................
....YY..................
.####.F.................
## #.#.................
#.. . ### .......Y.%g.....
#.. # .......@..%.... #. #
#.............. # # #
............... #.# #
##............. ##.
##............ #..
#............ ##..
#............ ....
............. ... ...


You could see an elephant and Grum.

Vanquished Creatures
  A catoblepas (Lair:1)
  A two-headed ogre (D:9)
  A boulder beetle (Lair:1)
  A tengu warrior (D:8)
  A cyclops (D:8)
  3 elephants (Lair:1)
  A black mamba (Lair:1)
  Maggie (D:8)
  2 cane toads (Lair:1)
  2 komodo dragons (Lair:1)
  A yaktaur (shapeshifter) (D:8)
  3 trolls
  A hornet (D:8)
  16 yaks
  3 wyverns
  2 steam dragons
  Edmund (D:5)
  Duvessa (D:6)
  2 acid dragons
  2 water moccasins
  6 orc warriors
  2 sky beasts
  5 black bears
  3 ogres
  6 wolves
  3 centaurs
  3 bullfrogs
  A gnoll sergeant (D:5)
  4 scorpions
  3 wights (D:9)
  Dowan (D:6)
  3 killer bees (D:8)
  2 electric eels (D:9)
  2 howler monkeys
  7 orc priests
  A jelly (D:8)
  14 hounds
  An iguana (D:6)
  10 orc wizards
  4 adders
  8 gnolls
  A shadow imp (D:5)
  3 white imps
  An ufetubus (D:7)
  2 worms
  3 dart slugs
  49 orcs
  6 ball pythons
  5 endoplasms
  3 giant cockroaches
  6 hobgoblins
  7 jackals
  3 quokkas
  7 bats
  3 frilled lizards
  3 goblins
  6 kobolds
  5 rats
248 creatures vanquished.

Vanquished Creatures (others)
  A sky beast (D:7)
1 creature vanquished.

Grand Total: 249 creatures vanquished

Notes
Turn   | Place    | Note
-------+----------+-------------------------------------------
     0 | D:1      | qw the Minotaur Hexslinger began the quest for the Orb.
     0 | D:1      | Reached XP level 1. HP: 16/16 MP: 1/1
     0 | D:1      | 0 ||| qw: Version: 0.3-a-52-g30416fa
     0 | D:1      | 0 ||| qw: Game counter: 5493
     0 | D:1      | 0 ||| qw: Melee chars always use a shield: true
     0 | D:1      | 0 ||| qw: God list: Okawaru
     0 | D:1      | 0 ||| qw: Allow faded altars: false
     0 | D:1      | 0 ||| qw: Do Orc after clearing Dungeon:15 true
     0 | D:1      | 0 ||| qw: Do second Lair branch before Depths: true
     0 | D:1      | 0 ||| qw: Lair rune preference: random
     0 | D:1      | 0 ||| qw: Goals: Normal
     0 | D:1      | 0 ||| PLANNING D:1-11
     5 | D:1      | 5 ||| FLEEEEING.
     6 | D:1      | 6 ||| FLEEEEING.
     7 | D:1      | 7 ||| FLEEEEING.
    87 | D:1      | Reached skill level 3 in Ranged Weapons
    87 | D:1      | Reached XP level 2. HP: 23/23 MP: 2/2
   416 | D:1      | Reached XP level 3. HP: 29/29 MP: 3/3
   445 | D:1      | 445 ||| UPGRADING to +2 pair of gloves of stealth.
   450 | D:1      | 450 ||| READING scroll labelled JADITA ZIKK.
   453 | D:1      | 453 ||| READING scroll labelled PECOGY REBLAMN.
   454 | D:1      | 454 ||| READING scroll labelled XICEERGHEAFA.
   455 | D:1      | 455 ||| DROPPING scroll of poison.
   556 | D:2      | Found a faded altar of an unknown god.
   902 | D:2      | Reached skill level 4 in Ranged Weapons
  1306 | D:2      | 1306 ||| DROPPING amulet of magic regeneration.
  1307 | D:2      | 1307 ||| READING 3 scrolls labelled DUHAIG FIOG.
  1308 | D:2      | 1308 ||| READING 2 scrolls of brand weapon.
  1308 | D:2      | 1308 ||| BRANDING +1 sling of draining.
  1309 | D:2      | 1309 ||| READING scroll of brand weapon.
  1309 | D:2      | 1309 ||| BRANDING +1 sling of electrocution.
  1310 | D:2      | 1310 ||| READING scroll labelled SOSHRY NASCHEMUCK.
  1311 | D:2      | 1311 ||| READING scroll labelled MEIL DESKOL.
  1312 | D:2      | 1312 ||| DRINKING 2 murky grey potions.
  1313 | D:2      | 1313 ||| DROPPING potion of degeneration.
  1348 | D:3      | Reached XP level 4. HP: 36/36 MP: 4/4
  1562 | D:3      | Found a runed translucent gate.
  1563 | D:3      | Found a runed translucent gate.
  1605 | D:3      | Reached skill level 5 in Ranged Weapons
  1743 | D:3      | Found a runed translucent gate.
  1744 | D:3      | Noticed qw's ghost (amateur MiHs)
  1744 | D:3      | Noticed qw's ghost (amateur GrHs)
  1744 | D:3      | Noticed qw's ghost (amateur GrHs)
  2114 | D:3      | 2114 ||| UPGRADING to +0 ring mail.
  2124 | D:3      | 2124 ||| DROPPING +0 robe.
  2125 | D:3      | 2125 ||| UPGRADING to amulet of regeneration.
  2130 | D:3      | 2130 ||| READING scroll labelled JINIUN XUNELOU.
  2131 | D:3      | 2131 ||| READING scroll labelled KIJEIR ZEJICE.
  2132 | D:3      | 2132 ||| READING scroll labelled APHIETECO ECLETH.
  2175 | D:4      | Noticed a black bear
  2184 | D:4      | Killed a black bear
  2185 | D:4      | Reached skill level 3 in Armour
  2185 | D:4      | Reached XP level 5. HP: 39/41 MP: 5/5
  2356 | D:4      | Reached skill level 3 in Fighting
  2514 | D:4      | Reached XP level 6. HP: 51/51 MP: 6/6
  2850 | D:4      | 2850 ||| DRINKING 2 black potions.
  2851 | D:4      | 2851 ||| DRINKING 2 bubbling golden potions.
  2851 | D:4      | Gained mutation: Your spells are a little harder to cast,
                  | but a little more powerful. [potion of mutation]
  2852 | D:4      | 2852 ||| READING 3 scrolls of identify.
  2852 | D:4      | 2852 ||| IDENTIFYING sapphire potion
  2853 | D:4      | 2853 ||| READING 2 scrolls of identify.
  2853 | D:4      | 2853 ||| IDENTIFYING fizzy brown potion
  2854 | D:4      | 2854 ||| DROPPING potion of brilliance.
  2855 | D:4      | 2855 ||| DROPPING potion of berserk rage.
  2903 | D:5      | Entered Level 5 of the Dungeon
  2943 | D:5      | Noticed Edmund
  2949 | D:5      | 2949 ||| READING 2 scrolls of teleportation.
  2950 | D:5      | 2950 ||| FLEEEEING.
  2951 | D:5      | 2951 ||| FLEEEEING.
  2952 | D:5      | 2952 ||| FLEEEEING.
  2953 | D:5      | 2953 ||| FLEEEEING.
  2953 | D:5      | Found Joarutoi's Armour Shoppe.
  2953 | D:5      | Found Geot's Distillery.
  2953 | D:5      | Found Ciybeg's Armour Shoppe.
  2954 | D:5      | 2954 ||| READING 3 scrolls of identify.
  2954 | D:5      | 2954 ||| IDENTIFYING puce potion
  2955 | D:5      | 2955 ||| READING 2 scrolls of identify.
  2955 | D:5      | 2955 ||| IDENTIFYING ruby potion
  2956 | D:5      | 2956 ||| DROPPING potion of lignification.
  2957 | D:5      | 2957 ||| DROPPING potion of attraction.
  2968 | D:5      | 2968 ||| READING scroll of teleportation.
  2970 | D:5      | HP: 9/51 [orc priest/divine providence (11)]
  2980 | D:5      | Reached skill level 6 in Ranged Weapons
  2988 | D:5      | HP: 12/52 [orc/+0 mace (2)]
  3067 | D:5      | Found a staircase to the Ecumenical Temple.
  3068 | D:5      | 3068 ||| PLANNING TEMPLE
  3104 | D:5      | Killed Edmund
  3105 | D:5      | Reached XP level 7. HP: 60/60 MP: 7/7
  3125 | D:5      | Reached skill level 7 in Ranged Weapons
  3174 | Temple   | Entered the Ecumenical Temple
  3174 | Temple   | Found a transporter.
  3174 | Temple   | Found a transporter.
  3176 | Temple   | Found a transporter.
  3176 | Temple   | Found a transporter.
  3186 | Temple   | 3186 ||| PLANNING D:1-11
  3189 | Temple   | 3189 ||| PLANNING OKAWARU WORSHIP
  3195 | Temple   | Became a worshipper of Warmaster Okawaru
  3196 | Temple   | 3196 ||| PLANNING D:1-11
  3312 | D:5      | Found a sparkling altar of Nemelex Xobeh.
  3603 | D:5      | Reached skill level 8 in Ranged Weapons
  3629 | D:5      | 3629 ||| FLEEEEING.
  3630 | D:5      | 3630 ||| FLEEEEING.
  3631 | D:5      | 3631 ||| FLEEEEING.
  3632 | D:5      | 3632 ||| FLEEEEING.
  3633 | D:5      | 3633 ||| FLEEEEING.
  3634 | D:5      | 3634 ||| FLEEEEING.
  3635 | D:5      | 3635 ||| FLEEEEING.
  3636 | D:5      | 3636 ||| FLEEEEING.
  3637 | D:5      | 3637 ||| FLEEEEING.
  3638 | D:5      | 3638 ||| FLEEEEING.
  3639 | D:5      | 3639 ||| FLEEEEING.
  3640 | D:5      | 3640 ||| DRINKING potion of curing.
  3640 | D:5      | 3640 ||| (to cure confusion)
  3641 | D:5      | 3641 ||| FLEEEEING.
  3692 | D:5      | 3692 ||| BUYING potion of curing (45 gold).
  3692 | D:5      | Bought a potion of curing for 45 gold pieces
  3692 | D:5      | 3692 ||| BUYING potion of curing (45 gold).
  3692 | D:5      | Bought a potion of curing for 45 gold pieces
  3692 | D:5      | 3692 ||| BUYING potion of curing (45 gold).
  3692 | D:5      | Bought a potion of curing for 45 gold pieces
  3692 | D:5      | 3692 ||| SHOPLISTING potion of heal wounds (75 gold, have
                  | 68).
  3692 | D:5      | 3692 ||| SHOPLISTING potion of resistance (150 gold, have
                  | 68).
  3718 | D:5      | 3718 ||| FLEEEEING.
  3719 | D:5      | 3719 ||| FLEEEEING.
  3720 | D:5      | 3720 ||| FLEEEEING.
  3721 | D:5      | 3721 ||| FLEEEEING.
  3722 | D:5      | 3722 ||| FLEEEEING.
  3753 | D:5      | 3753 ||| BUYING +0 cloak (58 gold).
  3753 | D:5      | Bought a +0 cloak for 58 gold pieces
  3753 | D:5      | 3753 ||| SHOPLISTING +0 robe of Resonance {rElec Regen+
                  | Dex+3} (273 gold, have 10).
  3753 | D:5      | 3753 ||| SHOPLISTING +2 cloak of the Hidden Friends {rCorr
                  | Str+3 Dex+2 Stlth+} (525 gold, have 10).
  3757 | D:5      | 3757 ||| SHOPLISTING +1 robe of resistance (490 gold, have
                  | 10).
  3894 | D:5      | 3894 ||| UPGRADING to +0 cloak.
  3899 | D:5      | 3899 ||| READING scroll labelled KEMONAZ XUPIMU.
  3900 | D:5      | 3900 ||| READING scroll labelled TIXZAL OG GEME.
  3901 | D:5      | 3901 ||| READING 2 scrolls of identify.
  3901 | D:5      | 3901 ||| IDENTIFYING cyan potion
  3947 | D:6      | Reached XP level 8. HP: 68/68 MP: 8/8
  3950 | D:6      | 3950 ||| STAIRDANCE
  3961 | D:6      | 3961 ||| STAIRDANCE
  3977 | D:6      | 3977 ||| STAIRDANCE
  3990 | D:6      | Reached * piety under Okawaru
  3991 | D:6      | Reached skill level 9 in Ranged Weapons
  4025 | D:6      | Noticed Duvessa
  4026 | D:6      | 4026 ||| SWAPPING to +0 shortbow.
  4027 | D:6      | 4027 ||| INVOKING Heroism.
  4030 | D:6      | Noticed Dowan
  4039 | D:6      | Killed Duvessa
  4040 | D:6      | Reached skill level 3 in Dodging
  4048 | D:6      | Killed Dowan
  4091 | D:6      | 4091 ||| DROPPING +2 sling of draining.
  4157 | D:6      | Reached skill level 6 in Fighting
  4157 | D:6      | 4157 ||| INVOKING Heroism.
  4227 | D:6      | Noticed qw's ghost (novice MiHs)
  4228 | D:6      | Noticed a boulder beetle
  4234 | D:6      | 4234 ||| INVOKING Heroism.
  4242 | D:6      | Reached skill level 10 in Ranged Weapons
  4256 | D:6      | Found a runed translucent gate.
  4256 | D:6      | Found a runed translucent gate.
  4258 | D:6      | Found a runed translucent gate.
  4270 | D:6      | Reached skill level 1 in Invocations
  4284 | D:6      | 4284 ||| INVOKING Heroism.
  4368 | D:6      | Found Benuenem's General Store.
  4375 | D:6      | 4375 ||| SHOPLISTING scroll of teleportation (42 gold, have
                  | 33).
  4386 | D:6      | 4386 ||| INVOKING Heroism.
  4400 | D:6      | Reached XP level 9. HP: 74/79 MP: 7/9
  4656 | D:6      | Found a runed translucent door.
  4657 | D:6      | Noticed Crazy Yiuf
  4693 | D:6      | 4693 ||| INVOKING Heroism.
  4824 | D:6      | 4824 ||| UPGRADING to +2 robe of positive energy.
  4834 | D:6      | 4834 ||| DROPPING +0 ring mail.
  4835 | D:6      | 4835 ||| READING scroll labelled MEOD PUIXA AVETT.
  4836 | D:6      | 4836 ||| READING 2 scrolls of identify.
  4836 | D:6      | 4836 ||| IDENTIFYING golden potion
  4873 | D:7      | 4873 ||| INVOKING Heroism.
  4897 | D:7      | 4897 ||| FLEEEEING.
  5006 | D:7      | 5006 ||| INVOKING Heroism.
  5012 | D:7      | 5012 ||| Stepping ~*~*~tactically~*~*~ (cloud).
  5135 | D:7      | Reached skill level 3 in Invocations
  5158 | D:7      | 5158 ||| INVOKING Heroism.
  5255 | D:7      | Found a broken altar of Ashenzari.
  5260 | D:7      | Found a sacrificial altar of Ru.
  5289 | D:7      | 5289 ||| INVOKING Heroism.
  5648 | D:7      | Reached skill level 11 in Ranged Weapons
  5809 | D:7      | 5809 ||| UPGRADING to +0 steam dragon scales.
  5819 | D:7      | 5819 ||| DROPPING +1 pair of gloves of hurling.
  5820 | D:7      | 5820 ||| DROPPING +2 robe of positive energy.
  5821 | D:7      | 5821 ||| UPGRADING to +0 acid dragon scales.
  5891 | D:8      | 5891 ||| Stepping ~*~*~tactically~*~*~ (outnumbered).
  5893 | D:8      | 5893 ||| Stepping ~*~*~tactically~*~*~ (outnumbered).
  5896 | D:8      | 5896 ||| DRINKING 4 potions of curing.
  5896 | D:8      | 5896 ||| (to cure confusion)
  5905 | D:8      | 5905 ||| DRINKING 3 potions of curing.
  5905 | D:8      | 5905 ||| (to cure confusion)
  5978 | D:8      | Found Qajos's Book Boutique.
  6013 | D:8      | 6013 ||| INVOKING Heroism.
  6034 | D:8      | 6034 ||| INVOKING Heroism.
  6071 | D:8      | 6071 ||| SWAPPING to +0 orcbow.
  6084 | D:8      | 6084 ||| INVOKING Heroism.
  6093 | D:8      | HP: 19/79 [yak (7)]
  6094 | D:8      | 6094 ||| READING scroll of teleportation.
  6097 | D:8      | Reached skill level 12 in Ranged Weapons
  6097 | D:8      | Reached XP level 10. HP: 12/86 MP: 10/12
  6098 | D:8      | Noticed Maggie
  6108 | D:8      | Killed Maggie
  6108 | D:8      | Reached ** piety under Okawaru
  6168 | D:8      | 6168 ||| DROPPING +0 shortbow.
  6189 | D:8      | 6189 ||| INVOKING Heroism.
  6273 | D:8      | Noticed a cyclops
  6273 | D:8      | Noticed a tengu warrior
  6274 | D:8      | 6274 ||| INVOKING Heroism.
  6284 | D:8      | Killed a tengu warrior
  6292 | D:8      | 6292 ||| INVOKING Heroism.
  6301 | D:8      | Killed a cyclops
  6302 | D:8      | Reached skill level 13 in Ranged Weapons
  6310 | D:8      | HP: 22/90 [yaktaur (shapeshifter) (6)]
  6317 | D:8      | Reached skill level 9 in Fighting
  6576 | D:8      | Reached skill level 6 in Dodging
  6830 | D:8      | 6830 ||| INVOKING Heroism.
  6907 | D:8      | 6907 ||| DROPPING +0 steam dragon scales.
  6908 | D:8      | 6908 ||| UPGRADING to +0 swamp dragon scales.
  6918 | D:8      | 6918 ||| DROPPING +0 acid dragon scales.
  6919 | D:8      | 6919 ||| READING 5 scrolls of identify.
  6919 | D:8      | 6919 ||| IDENTIFYING sedimented sapphire potion
  6920 | D:8      | 6920 ||| DROPPING potion of invisibility.
  6950 | D:9      | 6950 ||| INVOKING Heroism.
  6983 | D:9      | 6983 ||| INVOKING Heroism.
  7009 | D:9      | Reached skill level 14 in Ranged Weapons
  7067 | D:9      | Reached *** piety under Okawaru
  7068 | D:9      | Reached XP level 11. HP: 61/97 MP: 13/13
  7068 | D:9      | 7068 ||| INVOKING Heroism.
  7075 | D:9      | HP: 17/97 [yak (10)]
  7077 | D:9      | Reached skill level 6 in Armour
  7081 | D:9      | HP: 11/97 [yak (9)]
  7233 | D:9      | Found a runed translucent gate.
  7234 | D:9      | Found a runed translucent gate.
  7235 | D:9      | Found a runed translucent gate.
  7236 | D:9      | Noticed qw's ghost (novice GrHs)
  7249 | D:9      | 7249 ||| INVOKING Heroism.
  7289 | D:9      | Found Aneokeot's Sacrilege Store.
  7299 | D:9      | 7299 ||| INVOKING Heroism.
  7320 | D:9      | 7320 ||| SHOPLISTING +2 orcbow of draining (256 gold, have
                  | 226).
  7522 | D:9      | Found a staircase to the Lair.
  7633 | D:9      | Noticed a two-headed ogre
  7634 | D:9      | 7634 ||| INVOKING Heroism.
  7639 | D:9      | Killed a two-headed ogre
  7812 | D:9      | 7812 ||| PLANNING LAIR
  7812 | D:9      | 7812 ||| DROPPING +6 ring of intelligence.
  7825 | Lair:1   | Entered Level 1 of the Lair of Beasts
  7826 | Lair:1   | 7826 ||| INVOKING Heroism.
  7923 | Lair:1   | 7923 ||| INVOKING Heroism.
  7956 | Lair:1   | Reached skill level 15 in Ranged Weapons
  8084 | Lair:1   | Identified the +8 spear of Atojec Kefa {vamp, *Corrode
                  | Dex+4 SInv}
  8095 | Lair:1   | 8095 ||| INVOKING Heroism.
  8123 | Lair:1   | 8123 ||| INVOKING Heroism.
  8127 | Lair:1   | Reached **** piety under Okawaru
  8191 | Lair:1   | Noticed a boulder beetle
  8192 | Lair:1   | 8192 ||| INVOKING Heroism.
  8211 | Lair:1   | 8211 ||| INVOKING Heroism.
  8214 | Lair:1   | Killed a boulder beetle
  8364 | Lair:1   | Noticed a catoblepas
  8365 | Lair:1   | 8365 ||| INVOKING Heroism.
  8387 | Lair:1   | 8387 ||| Stepping ~*~*~tactically~*~*~ (cloud).
  8392 | Lair:1   | Killed a catoblepas
  8393 | Lair:1   | Reached skill level 16 in Ranged Weapons
  8447 | Lair:1   | Found a basalt altar of Yredelemnul.
  8450 | Lair:1   | 8450 ||| INVOKING Heroism.
  8455 | Lair:1   | HP: 24/99 [elephant (13)]
  8456 | Lair:1   | 8456 ||| READING scroll of teleportation.
  8461 | Lair:1   | Noticed Grum
  8470 | Lair:1   | HP: 16/99 [Grum/+0 glaive (13)]
  8474 | Lair:1   | 8474 ||| INVOKING Heroism.
  8479 | Lair:1   | HP: 16/99 [Grum/+0 glaive (9)]
  8483 | Lair:1   | HP: 7/99 [Grum/+0 glaive (3)]
  8484 | Lair:1   | HP: 3/99 [Grum/+0 glaive (5)]
  8485 | Lair:1   | Mangled by an elephant

Levels and vault maps discovered:
D:1:      scummos_arrival_forest, layout_rooms, corexii_hall_statues_t,
          minivault_11, minmay_pentomino_z4
D:2:      minmay_alternating_diamond, layout_basic,
          hellmonk_ecumenical_altar_pennies_from_heaven
D:3:      layout_basic, gammafunk_ghost_cemetery,
          hangedman_decor_clover_reticule
D:4:      minmay_door_path, layout_basic, grunt_decor_mini_mirrors
D:5:      layout_loops_ring, mainiacjoe_overflow_alcove_2,
          minmay_temple_entry_crystal_x, nicolae_wooded_promenade,
          serial_bayou_pond_d, hangedman_abyss_or_decor_passed, uniq_edmund
D:6:      layout_basic, serial_shops, shop, gammafunk_ghost_split,
          lemuel_flame_loot_1, uniq_duvessa, uniq_crazy_yiuf_cottage
D:7:      layout_loops_corners, mainiacjoe_overflow_large_starburst
D:8:      minmay_bloctagon_deflated, layout_cave_pods, serial_column_ruins,
          column_ruins_open_small, column_ruins_columns_straight,
          column_ruins_open_tiny, serial_shops, shop, uniq_maggie
D:9:      layout_stronghold, erik_lair_island, gammafunk_ghost_nasty_kobolds,
          nicolae_evil_shop
Temple:   hellmonk_temple_divided_pantheon
Lair:1:   layout_cave_pods, basic_altar, nicolae_lair_grazing_beasts
          [nicolae_sub_lair_graze_edge, nicolae_sub_lair_graze_edge,
          nicolae_sub_lair_graze_edge, nicolae_sub_lair_graze_edge], uniq_grum

Skill      XL: |  1  2  3  4  5  6  7  8  9 10 11 |
---------------+----------------------------------+-----
Ranged Weapons | 3 4 5 6 8 10 12 14 16 | 16.1
Fighting       | 2 3 4 5 7 9 10 | 10.0
Armour         | 3 4 5 6 |  6.5
Dodging        | 3 5 6 |  6.1
Invocations    | 1 4 5 |  5.4
Spellcasting   | |  1.0
Hexes          | |  2.0

Action                     |  1- 3 |  4- 6 |  7- 9 | 10-12 || total
---------------------------+-------+-------+-------+-------++-------
  Melee: Unarmed           |       |     4 |       |       ||     4
   Fire: Sling             |   107 |   130 |    98 |       ||   335
         Shortbow          |       |       |   352 |       ||   352
         Orcbow            |       |       |    23 |   456 ||   479
 Invoke: Heroism           |       |       |    13 |    19 ||    32
    Use: Scroll            |     8 |     9 |     6 |     2 ||    25
         Potion            |     1 |     2 |     3 |       ||     6
 Armour: Robe              |    10 |       |    22 |       ||    32
         Ring mail         |       |    25 |    97 |       ||   122
         Skin              |       |     3 |       |       ||     3
         Acid dragon scale |       |       |    18 |    13 ||    31
         Swamp dragon scal |       |       |       |    76 ||    76
  Dodge: Dodged            |    28 |    45 |   235 |   244 ||   552

Table legend:
 A = Non-vault XP
 B = Vault XP
 C = Vault XP percentage of total XP
 D = Non-vault monster count
 E = Vault monster count
 F = Vault count percentage of total count
                 A         B        C        D         E       F
            +---------+---------+-------+---------+---------+-------
      Total |   14642 |    6184 |  29.7 |     221 |      28 |  11.2
            +---------+---------+-------+---------+---------+-------
        D:1 |      34 |       7 |  17.1 |      22 |       3 |  12.0
        D:2 |      27 |       2 |   6.9 |       9 |       1 |  10.0
        D:3 |      75 |       0 |   0.0 |      16 |       0 |   0.0
        D:4 |     251 |       4 |   1.6 |      13 |       2 |  13.3
        D:5 |     883 |     162 |  15.5 |      34 |       1 |   2.9
        D:6 |    1395 |     225 |  13.9 |      19 |       2 |   9.5
        D:7 |    1359 |       0 |   0.0 |      35 |       0 |   0.0
        D:8 |    2516 |    2387 |  48.7 |      34 |       5 |  12.8
        D:9 |    3766 |     793 |  17.4 |      25 |       7 |  21.9
     Lair:1 |    4336 |    2604 |  37.5 |      14 |       7 |  33.3
            +---------+---------+-------+---------+---------+-------
